 Dungeon Crawl Stone Soup version 0.25-a0-942-g87a53962fc (webtiles) character file.

Game seed: 5051822119149146268, levelgen mode: deterministic

423 Flugslaktarn the Chopper (level 6, 0/84 HPs)
             Began as a Minotaur Fighter on May 7, 2020.
             Succumbed to Sigmund's poison
             ... on level 4 of the Dungeon.
             The game lasted 00:01:26 (2616 turns).

Flugslaktarn the Chopper (Minotaur Fighter)         Turns: 2616, Time: 00:01:27

Health: 0/84       AC:  8    Str: 23    XL:     6   Next: 63%
Magic:  5/5        EV:  7    Int:  5    God:
Gold:   141        SH: 10    Dex:  9    Spells: 5/5 levels left

rFire    . . .     SeeInvis .   s - +0 broad axe
rCold    . . .     Gourm    .   c - +0 kite shield
rNeg     . . .     Faith    .   b - +0 scale mail
rPois    .         Spirit   .   (helmet restricted)
rElec    .         Reflect  .   (no cloak)
rCorr    .         Harm     .   h - +0 pair of gloves
MR       .....                  (no boots)
Stlth    ..........             (no amulet)
HPRegen  0.24/turn              (no ring)
MPRegen  0.09/turn              (no ring)

@: berserking (expiring), lethally poisoned (0 -> -36), very quick
A: retaliatory headbutt, horns 2
a: no special abilities


You were on level 4 of the Dungeon.
You were not hungry.

You visited 1 branch of the dungeon, and saw 4 of its levels.

You collected 141 gold pieces.

Inventory:

Hand Weapons
 s - a +0 broad axe (weapon)
   (You found it on level 3 of the Dungeon)
Missiles
 g - a throwing net (quivered)
Armour
 b - a +0 scale mail (worn)
 c - a +0 kite shield (worn)
 h - a +0 pair of gloves (worn)
   (You found it on level 1 of the Dungeon)
Jewellery
 m - an uncursed amulet of rage {unknown}
   (You found it on level 2 of the Dungeon)
Scrolls
 f - 2 scrolls of amnesia {unknown}
 j - a scroll of enchant armour {unknown}
 k - 8 scrolls of identify {unknown}
 n - 2 scrolls of remove curse {unknown}
 o - a scroll of noise {unknown}
 p - 2 scrolls of immolation {unknown}
 u - a scroll of enchant weapon {unknown}
 v - a scroll of teleportation {unknown}
Potions
 d - a potion of might
 i - a potion of resistance {unknown}
 l - a potion of haste {unknown}
 q - a potion of curing {unknown}
 t - a potion of cancellation {unknown}
Comestibles
 a - 4 chunks of flesh
 e - 9 rations


   Skills:
 + Level 5.1 Fighting
 * Level 5.7 Axes
 + Level 5.1 Armour
 + Level 5.1 Shields


You had 5 spell levels left.
You didn't know any spells.
Your spell library was empty.

Dungeon Overview and Level Annotations

Branches:
Dungeon (4/15)
 Temple: D:4-7

Altars:
Cheibriados
Kikubaaqudgha
Nemelex Xobeh
Trog


Innate Abilities, Weirdness & Mutations

You reflexively headbutt those who attack you in melee.
You have a pair of horns on your head.


Message History

You barely miss Sigmund.
Sigmund is almost dead.
* * * LOW HITPOINT WARNING * * *
You feel sick.
Sigmund hits you with a +3 scythe of venom!
* * * LOW HITPOINT WARNING * * *
You are more poisoned.
You slash Sigmund!
You kill Sigmund!
Your Fighting skill increases to level 5!
Your Armour skill increases to level 5!
Your Shields skill increases to level 5!
* * * LOW HITPOINT WARNING * * *
You feel very sick.
Unknown command.
* * * LOW HITPOINT WARNING * * *
You feel very sick.
Unknown command.
You feel a strong urge to attack something.
You die...

.##### #...# #.#.# #.# #.#####
.#...# #...# #.#.# #.# #.# #
.#...####...####.#.###.####.#####
........................)......>#
......##########.....######.###.#
##....# #.....# #.# #.# ......#
######.....# #.###.# ......#
#...##..<..# ##.##...
..###.#####...##@....#####...##..
..###.).......)........##.....##.
.......................#.......#.
.....######..)########....._.....
.....# ##..†##########.......##
.....# #............###..^..###
.....# #............# ##...####
.....# #............# ###.##...
.##### #............# #.....÷..


There were no monsters in sight!

Vanquished Creatures
  Sigmund (D:4)
  An ogre (D:4)
  A centaur skeleton (D:4)
  Terence (D:3)
  2 worker ants
  2 adders (D:3)
  3 worms
  A dart slug (D:2)
  A leopard gecko (D:4)
  An orc (D:4)
  A ball python (D:4)
  3 giant cockroaches
  7 hobgoblins
  2 jackals (D:1)
  3 quokkas
  11 bats
  4 frilled lizards (D:1)
  4 goblins
  6 kobolds
  27 rats
82 creatures vanquished.

Notes
Turn   | Place    | Note
-------+----------+-------------------------------------------
     0 | D:1      | Flugslaktarn the Minotaur Fighter began the quest for the
                  | Orb.
     0 | D:1      | Reached XP level 1. HP: 19/19 MP: 0/0
   103 | D:1      | Reached XP level 2. HP: 27/27 MP: 1/1
   659 | D:2      | Reached XP level 3. HP: 33/33 MP: 2/2
  1488 | D:3      | Noticed Terence
  1507 | D:3      | Reached XP level 4. HP: 22/40 MP: 3/3
  1641 | D:3      | Killed Terence
  2080 | D:4      | Found an ancient bone altar of Kikubaaqudgha.
  2212 | D:4      | Reached XP level 5. HP: 47/47 MP: 4/4
  2266 | D:4      | Noticed an ogre
  2273 | D:4      | Killed an ogre
  2273 | D:4      | Reached skill level 5 in Axes
  2400 | D:4      | Found a snail-covered altar of Cheibriados.
  2401 | D:4      | Found a bloodstained altar of Trog.
  2402 | D:4      | Found a sparkling altar of Nemelex Xobeh.
  2431 | D:4      | Reached XP level 6. HP: 55/55 MP: 5/5
  2485 | D:4      | Noticed Sigmund
  2614 | D:4      | Killed Sigmund
  2614 | D:4      | Reached skill level 5 in Fighting
  2614 | D:4      | Reached skill level 5 in Armour
  2614 | D:4      | Reached skill level 5 in Shields
  2615 | D:4      | HP: 2/84 [poisoned by Sigmund]
  2616 | D:4      | Succumbed to Sigmund's poison

Levels and vault maps discovered:
D:1:      shiori_arrival_oz, layout_rooms, minmay_domino_2
D:2:      layout_loops_corners, minmay_rat_hole
D:3:      layout_basic, uniq_terence
D:4:      layout_basic, lemuel_round_altar,
          chequers_temple_overflow_statue_of_worship,
          gammafunk_temple_overflow_elements, uniq_sigmund

Skill      XL: |  1  2  3  4  5  6 |
---------------+-------------------+-----
Axes           | 3 4 5 |  5.7
Fighting       | 4 5 |  5.1
Armour         | 4 5 |  5.1
Shields        | 4 5 |  5.1

Action                   |  1- 3 |  4- 6 || total
-------------------------+-------+-------++-------
Melee: War axe           |   124 |    17 ||   141
       Headbutt          |    16 |    10 ||    26
       Broad axe         |       |    39 ||    39
  Use: Potion            |       |     1 ||     1
  Eat: Chunk             |     2 |     4 ||     6
Armor: Scale mail        |    74 |    20 ||    94
Dodge: Dodged            |    42 |    13 ||    55
Block: Kite shield       |    74 |    25 ||    99

Table legend:
 A = Non-vault XP
 B = Vault XP
 C = Vault XP percentage of total XP
 D = Non-vault monster count
 E = Vault monster count
 F = Vault count percentage of total count
                 A         B        C        D         E       F
            +---------+---------+-------+---------+---------+-------
      Total |     336 |     269 |  44.5 |      57 |      25 |  30.5
            +---------+---------+-------+---------+---------+-------
        D:1 |      22 |       8 |  26.7 |      17 |       4 |  19.0
        D:2 |      25 |      20 |  44.4 |      18 |      19 |  51.4
        D:3 |      78 |      36 |  31.6 |      12 |       1 |   7.7
        D:4 |     211 |     205 |  49.3 |      10 |       1 |   9.1
            +---------+---------+-------+---------+---------+-------
